 Dungeon Crawl Stone Soup version 0.28-a0-612-gcfc00ec14d (webtiles) character file.

Game seed: 2455962106075655751

61 siradein the Insei (level 4, -2/32 HPs)
             Began as a Merfolk Transmuter on Oct 5, 2021.
             Slain by a gnoll (6 damage)
             ... on level 3 of the Dungeon.
             The game lasted 00:03:28 (2253 turns).

siradein the Insei (Merfolk Transmuter)             Turns: 2253, Time: 00:03:29

Health: -2/32      AC:  2    Str: 11    XL:     4   Next: 7%
Magic:  4/7        EV:  6    Int: 12    God:
Gold:   122        SH:  0    Dex: 14    Spells: 1/7 levels left

rFire   . . .      SeeInvis .     - Unarmed
rCold   . . .      Faith    .   (no shield)
rNeg    . . .      Spirit   .   a - +0 robe
rPois   .          Reflect  .   (helmet currently unavailable)
rElec   .          Harm     .   (no cloak)
rCorr   .          Rampage  .   (no gloves)
Will    .....                   (boots currently unavailable)
Stlth   +.........              (no amulet)
HPRegen 0.10/turn               (no ring)
MPRegen 0.10/turn               (no ring)

@: appendages (expiring), wereblooded, held
A: horns 2, (nimble swimmer 2), mertail
a: End Transformation


You were on level 3 of the Dungeon.
You had temporarily grown beastly horns.
You visited 1 branch of the dungeon, and saw 3 of its levels.

You collected 150 gold pieces.
You spent 28 gold pieces at shops.

Inventory:

Missiles
 j - 3 poisoned darts
Armour
 a - a +0 robe (worn)
Scrolls
 b - a scroll of enchant armour
 c - a scroll of noise
 d - a scroll of brand weapon {unknown}
 f - a scroll of vulnerability
 g - a scroll of teleportation {unknown}
Potions
 e - a potion of lignification
 h - a potion of ambrosia {unknown}
 i - a potion of heal wounds {unknown}


   Skills:
 - Level 1.1 Fighting
 - Level 2.6 Dodging
 - Level 5.0 Unarmed Combat
 - Level 2.0 Spellcasting
 + Level 3.4 Transmutations


You had one spell level left.
You knew the following spells:

 Your Spells              Type           Power      Damage    Failure   Level
a - Beastly Appendage     Tmut           18%        N/A       7%          1
b - Wereblood             Tmut           9%         N/A       10%         2
c - Spider Form           Tmut/Pois      2%         N/A       38%         3

Your spell library contained the following spells:

 Spells                   Type           Power      Damage    Failure   Level
 Ice Form                 Ice/Tmut       5%         N/A       80%         4


Dungeon Overview and Level Annotations

Branches:
Dungeon (3/15)

Altars:

Shops:
D:1 ?(=!=   D:3 *


Innate Abilities, Weirdness & Mutations

You have temporarily grown beastly horns.
((You are quick and stealthy near water. (Stealth+, EV+, Speed+++)))
Your lower body shifts to a powerful aquatic tail in water.


Message History

You open the door.
You see here a +0 short sword.
A gnoll comes into view. It is wielding a +0 spear.
The gnoll shouts!
A gnoll is nearby!
A gnoll is nearby!
You see here a +0 short sword.
You see here 3 poisoned darts.
j - 3 poisoned darts
Casting: Beastly Appendage (safe; 7% risk of failure)
Confirm with . or Enter, or press ? or * to list all spells.
Your blood is infused with primal strength.
Casting: Beastly Appendage (safe; 7% risk of failure)
Press: ? - help, Q - select action, (/) - cycle Dir - look around, f - activate You grow a pair of large bovine horns.
A gnoll comes into view. It is wielding a +0 spear.
A gnoll comes into view.
It is wielding a +1 halberd of protection.
The gnoll closely misses you.
You barely miss the gnoll.
The gnoll shouts! x2
You headbutt the gnoll.
The gnoll is heavily wounded.
The gnoll hits you with a +0 spear.
You closely miss the gnoll. You headbutt the gnoll.
The gnoll is heavily wounded.
The gnoll misses you.
You hit the gnoll but do no damage.
The gnoll is heavily wounded.
The gnoll throws a throwing net.
The throwing net hits you.
You become entangled in the net!
The gnoll hits you with a +0 spear!
You are held in a net!
You struggle against the net.
The gnoll hits you with a +0 spear.
You struggle against the net.
The gnoll hits you from afar with a +0 spear.
The gnoll hits you with a +0 spear!
* * * LOW HITPOINT WARNING * * *
You struggle against the net.
Your transformation is almost over.
The gnoll hits you from afar with a +0 spear.
You die...

....######'###
##########
....######.#
........##'#####
...............#
...............#
...............####
####..............##
......)..#.#..g....#
###.†......#..gg@..#
##.#####+#.......#
#..# #...#####'##
##.# #...# #.# #.#
#...# #.# #.###...#
#.# ###..##...# #.#
#....##...# #.#
#.....#...#####.#


You could see 3 gnolls.

Vanquished Creatures
  An adder (D:2)
  A dart slug (D:1)
  7 ball pythons
  7 bats
  2 endoplasms (D:1)
  2 giant cockroaches
  2 hobgoblins (D:1)
  2 quokkas (D:1)
  3 frilled lizards
  7 goblins
  5 kobolds
  10 rats
49 creatures vanquished.

Notes
Turn   | Place    | Note
-------+----------+-------------------------------------------
     0 | D:1      | siradein the Merfolk Transmuter began the quest for the
                  | Orb.
     0 | D:1      | Reached XP level 1. HP: 15/15 MP: 3/3
     2 | D:1      | Found Qyrubauc's Distillery.
   180 | D:1      | Reached XP level 2. HP: 21/21 MP: 3/5
   188 | D:1      | Learned a level 2 spell: Wereblood
   237 | D:1      | Reached skill level 4 in Unarmed Combat
   767 | D:1      | Reached XP level 3. HP: 26/26 MP: 6/6
   885 | D:1      | Found Jacumenech's Antique Weapon Shoppe.
  1020 | D:1      | Found Negiacw's Magic Scroll Shop.
  1029 | D:1      | Bought a scroll of identify for 28 gold pieces
  1093 | D:1      | Found Gueq Jag's Jewellery Shop.
  1239 | D:1      | Learned a level 3 spell: Spider Form
  1314 | D:1      | Found Plog's Jewellery Emporium.
  1538 | D:2      | Reached skill level 5 in Unarmed Combat
  1591 | D:2      | Found a faded altar of an unknown god.
  1766 | D:2      | Reached XP level 4. HP: 32/32 MP: 5/7
  2138 | D:3      | Found Ihuetix's Assorted Antiques.
  2253 | D:3      | Slain by a gnoll

Illustrated notes

Levels and vault maps discovered:
D:1:      dpeg_arrival_ratfight, layout_basic, serial_shops, shop, shop,
          nicolae_shop_statue_plus, shop, shop_coins
D:2:      layout_rooms, dreamdust_ecumenical_altar_statues
D:3:      layout_basic, serial_shops, shop, chequers_serial_rivers_marsh

Skill      XL: |  1  2  3 |
---------------+----------+-----
Unarmed Combat | 4 5 |  5.0
Transmutations | 3 |  3.4
Fighting       | |  1.1
Dodging        | |  2.6
Spellcasting   | |  2.0

Action                   |  1- 3 |  4- 6 || total
-------------------------+-------+-------++-------
Melee: Unarmed           |   136 |    12 ||   148
       Headbutt          |    15 |     3 ||    18
       Punch             |     2 |       ||     2
 Cast: Beastly Appendage |    25 |     4 ||    29
       Wereblood         |     5 |     1 ||     6
  Use: Scroll            |     4 |       ||     4
Armor: Robe              |    30 |     3 ||    33
Dodge: Dodged            |   117 |     3 ||   120

Table legend: (Time is in decaauts)
 A = Elapsed time spent in this place.
 B = Non-inter-level travel time spent in this place.
 C = Inter-level travel time spent in this place.
 D = Time resting spent in this place.
 E = Time spent auto-exploring this place.
 F = Levels seen in this place.
 G = Mean time per level.
                   A        B        C        D        E       F      G
               +--------+--------+--------+--------+--------+-----+--------+
         Total |   2240 |   2168 |     72 |      0 |   1786 |   3 |  746.7 |
       Dungeon |   2240 |   2168 |     72 |      0 |   1786 |   3 |  746.7 |
               +--------+--------+--------+--------+--------+-----+--------+

Top non-repeatable levels by time:
     D:1: 1382 daAuts
     D:2: 567 daAuts
     D:3: 290 daAuts
